Map: Terraform LE (Void)

Players

CaptRaynor - Winner!

  • Race: Terran Terran
  • League: Grandmaster

RandomMonkey

  • Race: Terran Terran
  • League: Bronze

VOD

Have the link to the VOD?

Description

Time

  • Played on: Aug. 20, 2015, 10:58 p.m.
  • Length: 11:52
Show
View Real Time Build Order
Export as new Build Order

CaptRaynor Terran - Winner!

Build Orders:  

Get SALT Encoding   

  12  0:03  SCV  
  13  0:15  SCV  
  13  0:18  Supply Depot  
  14  0:27  SCV  
  15  0:40  SCV  
  15  0:42  Engineering Bay  
  16  0:52  SCV  
  17  1:01  Barracks  
  17  1:04  SCV  
  17  1:08  Refinery  
  18  1:22  Supply Depot  
  18  1:23  SCV  
  19  1:35  SCV  
  20  1:47  SCV  
  20  1:53  Marine  
  22  2:02  Command Center  
  22  2:04  SCV  
  23  2:13  Reaper  
  24  2:16  SCV  
  24  2:19  Refinery  
  25  2:29  SCV  
  26  2:43  SCV, Barracks  
  27  2:48  Barracks Reactor  
  27  2:55  SCV  
  28  3:10  Supply Depot  
  28  3:12  Orbital Command  
  28  3:23  Factory  
  28  3:27  Marine x2  
  30  3:51  SCV  
  30  3:54  Planetary Fortress  
  31  3:55  Marine  
  31  3:56  Marine  
  31  3:58  Barracks Tech Lab  
  33  4:05  SCV  
  33  4:07  Factory Tech Lab  
  33  4:09  Starport  
  34  4:13  Marine x2  
  36  4:19  SCV  
  36  4:22  Refinery  
  39  4:24  Marauder  
  39  4:32  SCV x2  
  41  4:46  Marauder, Marine x2  
  41  4:51  SCV x2  
  47  4:53  Supply Depot  
  46  5:04  Factory Reactor  
  46  5:05  Marine x2  
  46  5:06  Fusion Core  
  48  5:09  SCV x2  
  50  5:22  SCV x2  
  52  5:33  Combat Shields  
  52  5:34  Marine x2  
  52  5:35  Marauder  
  56  5:39  Terran Infantry Weapons Level 1  
  56  5:44  SCV x2  
  56  5:47  Supply Depot  
  58  5:56  Battlecruiser  
  64  6:02  Widow Mine x2  
  68  6:08  Marine x2  
  68  6:09  Marauder  
  72  6:13  SCV x2  
  74  6:36  Marine x2  
  74  6:37  Marauder  
  78  6:44  Behemoth Reactor  
  78  6:46  SCV  
  78  6:47  SCV  
  80  6:48  Command Center  
  80  6:55  Concussive Shells  
  80  6:59  Marine x2  
  80  7:00  Marauder  
  84  7:08  Starport  
  84  7:11  Widow Mine  
  86  7:22  Supply Depot  
  86  7:38  Terran Infantry Armor Level 1  
  86  7:41  Stimpack  
  86  7:43  SCV x2  
  86  7:44  Battlecruiser  
  94  7:45  Supply Depot  
  94  7:48  Starport Reactor  
  94  7:55  Widow Mine  
  96  8:04  SCV x2  
  98  8:12  Command Center  
  98  8:18  Barracks  
  94  8:32  Marine  
  94  8:33  Marauder, Marine  
  98  8:45  Medivac x2  
  102  8:50  Marine x2  
  102  8:55  Marauder  
  92  9:12  Marine x2  
  92  9:16  Medivac x2, Marauder  
  97  9:30  Marine x2  
  99  9:38  Marauder  
  101  9:47  Battlecruiser  
  107  10:00  Marine  
  107  10:01  Marauder, Marine  
  111  10:20  Marine x2  
  113  10:23  Marauder  
  113  10:25  Planetary Fortress  
  113  10:27  Planetary Fortress  
  115  10:38  Marine x2  
  115  10:39  Refinery  
  117  10:44  Marauder  
  117  10:46  Supply Depot  
  117  10:48  Barracks Reactor  
  119  11:25  Marine x2  
  119  11:26  Marauder, Marine  
  119  11:27  Marine  
  129  11:36  SCV x4  
  133  11:43  Armory  
Show
View Real Time Build Order
Export as new Build Order

RandomMonkey Terran 

Build Orders:  

Get SALT Encoding   

  12  0:01  SCV  
  13  0:16  SCV  
  14  0:24  Supply Depot  
  14  0:28  SCV  
  15  0:45  SCV  
  15  0:47  Barracks  
  16  0:55  Supply Depot  
  16  1:00  SCV  
  17  1:22  SCV  
  18  1:26  Refinery  
  18  1:27  Refinery  
  18  1:34  SCV  
  19  1:40  Marine  
  19  1:46  SCV  
  21  1:58  SCV, Marine  
  23  2:11  Command Center  
  23  2:15  SCV  
  24  2:16  Marine  
  25  2:27  SCV  
  26  2:31  Factory  
  26  2:34  Marine  
  27  2:41  Engineering Bay  
  27  2:49  Orbital Command  
  27  2:56  Barracks Tech Lab  
  27  3:07  Barracks  
  27  3:17  Barracks  
  27  3:24  Marauder  
  29  3:52  Factory Tech Lab  
  29  3:56  Barracks Reactor  
  29  4:17  Barracks Reactor, Starport  
  29  4:19  Marauder  
  29  4:24  Orbital Command  
  31  4:27  SCV  
  32  4:35  Marine x2  
  34  4:38  Siege Tank  
  34  4:39  SCV  
  34  4:40  Marauder  
  40  4:49  Orbital Command  
  40  5:00  Marine x4  
  40  5:02  Marauder  
  46  5:20  Supply Depot  
  46  5:29  Supply Depot  
  46  5:42  SCV x2, Siege Tank, Medivac  
  53  5:50  Marauder, Marine x3  
  53  5:51  Marine  
  59  6:06  Supply Depot, Missile Turret  
  59  6:10  Missile Turret  
  59  6:12  SCV  
  59  6:13  SCV  
  59  6:17  Marine  
  62  6:28  Marauder, Marine x3  
  67  6:33  Supply Depot  
  67  6:41  Supply Depot  
  67  6:51  Stimpack  
  67  6:57  Barracks  
  67  7:02  Barracks  
  67  7:03  Medivac  
  69  7:12  Siege Tank  
  72  7:25  SCV x2  
  74  7:31  Refinery  
  74  7:33  Refinery  
  74  7:37  SCV x2  
  74  7:38  Supply Depot  
  76  8:00  SCV x2  
  78  8:17  SCV x2  
  80  8:24  Command Center  
  62  9:27  Medivac  
  56  9:40  SCV  
  56  9:41  SCV x2  
  59  9:53  SCV x3  
  59  9:57  Medivac  
  64  10:05  SCV x3  
  57  10:17  SCV x3  
  57  10:18  Marine x4  
  57  10:19  Marine  
  55  10:27  Viking  
  51  10:29  SCV x2  
  52  10:36  Marine x5  
  52  10:41  SCV x2  
  57  10:53  SCV  
  57  10:54  SCV, Marine x5  
  62  11:05  SCV  
  62  11:06  SCV  
  57  11:11  Marine  
  57  11:12  Marine x4  
  57  11:17  SCV  
  57  11:18  SCV  
  58  11:29  Marine  
  58  11:30  Marine x4  
Tags
 
Add a new tag
Caveats
  • Supply blocks, unpowered buildings, or Contaminate may cause inaccurate times.
  • Supply counts are checked every 10 seconds.